 Dungeon Crawl Stone Soup version 0.31-a0-237-g2d982f9f85 (webtiles) character file.

Game seed: 7129401914341849509

81 qw the Shooter (level 4, 0/36 HPs)
             Began as a Minotaur Hexslinger on July 11, 2023.
             Slain by Sigmund
             ... wielding a +0 scythe
              (5 damage)
             ... on level 3 of the Dungeon.
             The game lasted 00:00:52 (2074 turns).

qw the Shooter (Minotaur Hexslinger)                Turns: 2074, Time: 00:00:53

Health: 0/36       AC:  6    Str: 13    XL:     4   Next: 20%
Magic:  4/4        EV: 11    Int: 10    God:
Gold:   113        SH:  0    Dex: 14    Spells: 4/5 levels left

rFire   . . .        Y - +2 sling
rCold   . . .        (no shield)
rNeg    . . .        e - +0 ring mail
rPois   .            (helmet restricted)
rElec   .            (no cloak)
rCorr   .            h - +0 pair of gloves
SInv    .            (no boots)
Will    .....        (no amulet) Stlth
                     (no ring)
HPRegen 0.26/turn    (no ring)
MPRegen 0.09/turn

%: no passive effects
@: confused
A: horns 2, retaliatory headbutt
a: no special abilities


You were on level 3 of the Dungeon.
You visited 1 branch of the dungeon, and saw 3 of its levels.

You collected 113 gold pieces.


Innate Abilities, Weirdness & Mutations

You have a pair of horns on your head.
You reflexively headbutt those who attack you in melee.


   Skills:
 - Level 2.0 Fighting
 + Level 4.5 Ranged Weapons
 - Level 1.0 Armour
 - Level 2.1 Dodging
 - Level 1.0 Spellcasting
 - Level 2.0 Hexes


You had 4 spell levels left.
You knew the following spells:

 Your Spells              Type           Power      Damage    Failure   Level
a - Slow                  Hex            16%        N/A       32%         1

Your spell library contained the following spells:

 Spells                   Type           Power      Damage    Failure   Level
 Inner Flame              Hex/Fire       2%         N/A       82%         3
 Portal Projectile        Hex/Tloc       4%         N/A       82%         3
 Cause Fear               Hex            2%         N/A       97%         4

Inventory:

Hand Weapons
 Y - a +2 sling (weapon)
Armour
 e - a +0 ring mail (worn)
 h - a +0 pair of gloves (worn)
Jewellery
 a - a ring of ice
Scrolls
 b - a scroll of identify
Potions
 d - a potion of haste {unknown}
 f - a potion of lignification {unknown}
 g - a potion of cancellation {unknown}

Dungeon Overview and Level Annotations

Branches:
Dungeon (3/15)

Altars:

Annotations:
D:3 Sigmund


Message History

Enter note:
Enter note:
Enter note:
Enter note:
Enter note:
Enter note:
Enter note:
Enter note:
Enter note:
Enter note:
Enter note:
Enter note:
Enter note:
Enter note:
Enter note:
Enter note:
Enter note:
Enter note:
Enter note:
Enter note: Sigmund hits you with a +0 scythe.
Sigmund attacks as you move away! Sigmund hits you with a +0 scythe.
Sigmund gestures wildly while chanting.
Sigmund flickers and vanishes!
Deactivating autopickup; reactivate with Ctrl-A.
Autopickup is now on.
Something hits you.
Deactivating autopickup; reactivate with Ctrl-A.
Autopickup is now on.
Found a leather armour.
You start resting.
You hear some strange, mumbled words.
Deactivating autopickup; reactivate with Ctrl-A.
You are confused.
Autopickup is now on.
Something hits you.
Deactivating autopickup; reactivate with Ctrl-A.
Autopickup is now on.
Something hits you.
You die...

.#. #...# #.8.#
#..[
#.>.###...#####
.....
..............
..... #........}.
.....# #.........
.....#####.......#
#.............#
##...}........###
#@........../..#
######...###.<.#
#.8.# #..)# #...#
##### #####


There were no monsters in sight!

Vanquished Creatures
  3 adders (D:2)
  An orc (D:3)
  5 ball pythons
  5 bats
  4 endoplasms
  3 goblins
  7 hobgoblins
  4 jackals (D:1)
  3 quokkas (D:2)
  3 frilled lizards (D:1)
  7 kobolds
  7 rats
52 creatures vanquished.

Notes
Turn   | Place    | Note
-------+----------+-------------------------------------------
     0 | D:1      | qw the Minotaur Hexslinger began the quest for the Orb.
     0 | D:1      | Reached XP level 1. HP: 16/16 MP: 1/1
     0 | D:1      | 0 ||| qw: Version: 0.3-a-52-g30416fa
     0 | D:1      | 0 ||| qw: Game counter: 5617
     0 | D:1      | 0 ||| qw: Melee chars always use a shield: true
     0 | D:1      | 0 ||| qw: God list: Okawaru
     0 | D:1      | 0 ||| qw: Allow faded altars: false
     0 | D:1      | 0 ||| qw: Do Orc after clearing Dungeon:15 true
     0 | D:1      | 0 ||| qw: Do second Lair branch before Depths: true
     0 | D:1      | 0 ||| qw: Lair rune preference: random
     0 | D:1      | 0 ||| qw: Goals: Normal
     0 | D:1      | 0 ||| PLANNING D:1-11
    96 | D:1      | Reached skill level 3 in Ranged Weapons
   100 | D:1      | Reached XP level 2. HP: 22/23 MP: 2/2
   614 | D:1      | Reached XP level 3. HP: 29/29 MP: 3/3
   739 | D:1      | 739 ||| UPGRADING to +0 leather armour.
   749 | D:1      | 749 ||| DROPPING +0 robe.
   750 | D:1      | 750 ||| UPGRADING to +0 ring mail.
   760 | D:1      | 760 ||| DROPPING +0 leather armour.
   761 | D:1      | 761 ||| UPGRADING to +0 pair of gloves.
   766 | D:1      | 766 ||| READING scroll labelled MEPPIATTYCZA.
   767 | D:1      | 767 ||| READING scroll labelled ECRYM LADGHI.
   768 | D:1      | 768 ||| READING scroll labelled ZARPHA OGOTZ.
   769 | D:1      | 769 ||| DROPPING scroll of poison.
   940 | D:2      | Reached skill level 4 in Ranged Weapons
  1113 | D:2      | Reached skill level 1 in Armour
  1324 | D:2      | Reached XP level 4. HP: 36/36 MP: 4/4
  1585 | D:2      | 1585 ||| READING scroll labelled KUKHAQEWE QIDDIHAM.
  1611 | D:3      | Noticed Sigmund
  1619 | D:3      | 1619 ||| STAIRDANCE
  1661 | D:3      | 1661 ||| FLEEEEING.
  1662 | D:3      | 1662 ||| STAIRDANCE
  1747 | D:3      | 1747 ||| STAIRDANCE
  1810 | D:3      | 1810 ||| STAIRDANCE
  1862 | D:3      | 1862 ||| FLEEEEING.
  1863 | D:3      | 1863 ||| STAIRDANCE
  1899 | D:3      | 1899 ||| STAIRDANCE
  1928 | D:3      | 1928 ||| STAIRDANCE
  1960 | D:3      | 1960 ||| STAIRDANCE
  1982 | D:3      | 1982 ||| STAIRDANCE
  1991 | D:3      | 1991 ||| STAIRDANCE
  2023 | D:3      | 2023 ||| STAIRDANCE
  2062 | D:3      | HP: 8/36 [Sigmund/+0 scythe (4)]
  2064 | D:3      | HP: 3/36 [something (5)]
  2073 | D:3      | HP: 5/36 [something (1)]
  2074 | D:3      | Slain by Sigmund

Levels and vault maps discovered:
D:1:      dpeg_arrival_round_b, layout_basic, minmay_stone_trees_small
D:2:      layout_basic
D:3:      layout_loops_ring, nicolae_elevator_lobby_asterisk, uniq_sigmund

Skill      XL: |  1  2  3 |
---------------+----------+-----
Ranged Weapons | 3 4 |  4.5
Fighting       | 2 |  2.0
Armour         | 1 |  1.0
Dodging        | |  2.1
Spellcasting   | |  1.0
Hexes          | |  2.0

Action                     |  1- 3 |  4- 6 || total
---------------------------+-------+-------++-------
   Fire: Sling             |   121 |    60 ||   181
    Use: Scroll            |     3 |     1 ||     4
 Armour: Robe              |     4 |       ||     4
         Ring mail         |     9 |     8 ||    17
  Dodge: Dodged            |    36 |    12 ||    48

Table legend:
 A = Non-vault XP
 B = Vault XP
 C = Vault XP percentage of total XP
 D = Non-vault monster count
 E = Vault monster count
 F = Vault count percentage of total count
                 A         B        C        D         E       F
            +---------+---------+-------+---------+---------+-------
      Total |     117 |       0 |   0.0 |      52 |       0 |   0.0
            +---------+---------+-------+---------+---------+-------
        D:1 |      42 |       0 |   0.0 |      27 |       0 |   0.0
        D:2 |      70 |       0 |   0.0 |      23 |       0 |   0.0
        D:3 |       5 |       0 |   0.0 |       2 |       0 |   0.0
            +---------+---------+-------+---------+---------+-------
